 Dungeon Sprint DCSS version 0.21-b1-15-gfba53cd (webtiles) character file.

482 sanboga the Fighter (level 7, -1/52 HPs)
             Began as a Gargoyle Berserker on Jan 3, 2018.
             Was a High Priest of Trog.
             Slain by a fire elemental (7 damage)
             ... summoned by a deep elf mage
             ... in the Dungeon (Sprint VII: "The Pits").
             The game lasted 00:03:39 (762 turns).

sanboga the Fighter (Gargoyle Berserker)             Turns: 762, Time: 00:03:40

Health: -1/52      AC: 17    Str: 22    XL:     7   Next: 12%
Magic:  7/7        EV: 10    Int:  8    God:    Trog [*****.]
Gold:   0          SH:  0    Dex:  9    Spells: 6/6 levels left

rFire    . . .     SeeInvis .   j - +2 hand axe
rCold    . . .     Gourm    .   (no shield)
rNeg     + . .     Faith    .   b - +3 chain mail
rPois    ∞         Spirit   .   (no helmet)
rElec    +         Reflect  .   (no cloak)
rCorr    .         Harm     .   (no gloves)
MR       .....     NoTele   +   (no boots)
Stlth    ..........             (no amulet)
HPRegen  0.17/turn              (no ring)
MPRegen  0.10/turn              (no ring)

@: no status effects
A: negative energy resistance 1, electricity resistance, unbreathing,
petrification resistance, rot immunity, AC +4
a: Berserk, Trog's Hand, Brothers in Arms, Burn Spellbooks, Renounce Religion


You were in the Dungeon.
You worshipped Trog.
Trog was extremely pleased with you.
You were not hungry.

You visited 1 branch

Inventory:

Hand Weapons
 j - a +2 hand axe (weapon)
Armour
 b - a +3 chain mail (worn)
Scrolls
 i - a scroll of blinking
 k - 3 scrolls of remove curse
 l - a scroll of summoning
Potions
 a - 2 potions of invisibility
 d - 6 potions of curing
 e - 6 potions of heal wounds
 f - a potion of haste
 g - 4 potions of magic
 h - 3 potions of berserk rage
Comestibles
 c - 8 rations


   Skills:
 + Level 9.9 Fighting
 + Level 8.0(8.3) Axes
   Level 3.6(6.6) Maces & Flails
 + Level 5.6 Armour
 + Level 5.1 Dodging
 + Level 2.4 Stealth


You had 6 spell levels left.
You didn't know any spells.

Dungeon Overview and Level Annotations

Branches:
Dungeon (1/1)

Altars:
Ashenzari
Cheibriados
Dithmenos
Elyvilon
Fedhas
Gozag
Hepliaklqana
Kikubaaqudgha
Makhleb
Nemelex Xobeh
Okawaru
Qazlal
Ru
Sif Muna
Trog
Uskayaw
Vehumet
Xom
Yredelemnul
Zin
The Shining One
Beogh
Jiyva
Lugonu


Innate Abilities, Weirdness & Mutations

You are resistant to torment.
Your stone body is resilient. (AC +4)
You are immune to poison.
You resist negative energy. (rN+)
You are resistant to electric shocks. (rElec)
You can survive without breathing.
You are immune to petrification.
You are immune to rotting.


Message History

The deep elf mage is severely wounded.
You hit the fire elemental.
You recover from your berserk rage.
The fire elemental closely misses you.
The deep elf mage hits you with a long sword.
You hit the deep elf mage but do no damage.
The deep elf mage is severely wounded.
You hit the fire elemental. The fire elemental closely misses you.
You hit the deep elf mage but do no damage.
The deep elf mage is severely wounded.
You barely miss the fire elemental.
The deep elf mage hits you with a long sword.
* * * LOW HITPOINT WARNING * * *
The fire elemental hits you. The fire elemental burns you!
* * * LOW HITPOINT WARNING * * *
You slash the deep elf mage!
The deep elf mage is almost dead.
You closely miss the fire elemental. The fire elemental hits you.
The fire elemental burns you!
You die...

#.#........##.....
#.#........##.....
#'###########.....
#.(#.#.## ######
#.).....#
##)#.#.##
#.......#
##e#.#.##
#@......#+#
##E#.#..'.#
##########


You could see a deep elf mage and a fire elemental.

Vanquished Creatures
  A flying skull (D)
  A phantom (D)
  A centaur (D)
  2 orc priests (D)
  An orc wizard (D)
  A worker ant (D)
  A mummy (D)
  2 ufetubi (D)
  An ooze (D)
  2 orcs (D)
  A bat skeleton (D)
  A giant cockroach (D)
  A goblin (D)
  A hobgoblin (D)
  A bat (D)
  A rat (D)
19 creatures vanquished.

Notes
Turn   | Place    | Note
-------+----------+-------------------------------------------
     0 | D        | sanboga the Gargoyle Berserker began the quest for the Orb.
     0 | D        | Reached XP level 1. HP: 14/14 MP: 1/1
    23 | D        | Reached skill level 4 in Fighting
    33 | D        | Found a bloodstained altar of Trog.
    33 | D        | Found a deep blue altar of Sif Muna.
    33 | D        | Found a viscous altar of Jiyva.
    33 | D        | Found a hazy altar of Hepliaklqana.
    33 | D        | Found an opulent altar of Gozag.
    34 | D        | Found a glowing golden altar of the Shining One.
    34 | D        | Found a glowing silver altar of Zin.
    34 | D        | Found a basalt altar of Yredelemnul.
    34 | D        | Found a shimmering altar of Xom.
    34 | D        | Found a sacrificial altar of Ru.
    34 | D        | Found a stormy altar of Qazlal.
    34 | D        | Found an iron altar of Okawaru.
    34 | D        | Found a sparkling altar of Nemelex Xobeh.
    34 | D        | Found a burning altar of Makhleb.
    34 | D        | Found a blossoming altar of Fedhas.
    34 | D        | Found a white marble altar of Elyvilon.
    34 | D        | Found a shadowy altar of Dithmenos.
    34 | D        | Found a snail-covered altar of Cheibriados.
    36 | D        | Found a radiant altar of Vehumet.
    36 | D        | Found a corrupted altar of Lugonu.
    36 | D        | Found a roughly hewn altar of Beogh.
    37 | D        | Found a hide-covered altar of Uskayaw.
    37 | D        | Found an ancient bone altar of Kikubaaqudgha.
    37 | D        | Found a shattered altar of Ashenzari.
   328 | D        | Reached XP level 2. HP: 20/20 MP: 2/2
   333 | D        | Reached ** piety under Trog
   373 | D        | Reached skill level 5 in Fighting
   373 | D        | Reached skill level 1 in Axes
   373 | D        | Reached XP level 3. HP: 23/27 MP: 3/3
   375 | D        | Reached *** piety under Trog
   375 | D        | Reached skill level 6 in Fighting
   375 | D        | Reached XP level 4. HP: 26/32 MP: 4/4
   382 | D        | Reached skill level 7 in Fighting
   382 | D        | Reached skill level 1 in Stealth
   384 | D        | Reached **** piety under Trog
   384 | D        | Reached XP level 5. HP: 25/39 MP: 5/5
   622 | D        | Noticed a phantom
   659 | D        | Killed a phantom
   659 | D        | Reached ***** piety under Trog
   659 | D        | Reached skill level 8 in Fighting
   659 | D        | Reached skill level 5 in Axes
   668 | D        | Reached XP level 6. HP: 43/45 MP: 6/6
   695 | D        | Noticed a flying skull
   701 | D        | Killed a flying skull
   701 | D        | Received a gift from Trog
   701 | D        | Reached skill level 9 in Fighting
   701 | D        | Reached skill level 5 in Armour
   701 | D        | Reached skill level 5 in Dodging
   702 | D        | Reached XP level 7. HP: 52/52 MP: 7/7
   736 | D        | Noticed a deep elf mage
   759 | D        | Noticed a fire elemental
   762 | D        | Slain by a fire elemental

Skill      XL: |  1  2  3  4  5  6  7 |
---------------+----------------------+-----
Fighting       | 4 5 6 7 8 9 |  9.9
Dodging        | 2 3 4 5 |  5.1
Armour         | 3 4 5 |  5.6
Axes           | 1 3 5 7 8 |  8.0
Stealth        | 1 2 |  2.4
Maces & Flails | |  3.6

Action                   |  1- 3 |  4- 6 |  7- 9 || total
-------------------------+-------+-------+-------++-------
Melee: Mace              |     5 |       |       ||     5
       Hand axe          |    21 |    41 |    20 ||    82
Invok: Berserk           |     2 |     2 |       ||     4
  Eat: Chunk             |       |     1 |       ||     1
       Ration            |       |     1 |       ||     1
Armor: Animal skin       |    13 |       |       ||    13
       Chain mail        |       |    19 |     7 ||    26
Dodge: Dodged            |    35 |    16 |     8 ||    59
